 Dungeon Crawl Stone Soup version 0.28.0-53-g5a82cb258f (webtiles) character file.

Game seed: 8415518897115653743

112 firemarshallily the Cudgeller (level 4, 0/40 HPs)
             Began as a Minotaur Gladiator on June 14, 2022.
             Slain by Grinder (4 damage)
             ... on level 3 of the Dungeon.
             The game lasted 00:06:46 (2732 turns).

firemarshallily the Cudgeller (Minotaur Gladiator)  Turns: 2732, Time: 00:06:47

Health: 0/40       AC:  3    Str: 26    XL:     4   Next: 63%
Magic:  3/3        EV: 13    Int:  5    God:
Gold:   94         SH:  0    Dex: 12    Spells: 3/3 levels left

rFire   . . .      SeeInvis +   m - +11 short sword "Qumoq" {elec, SInv}
rCold   . . .      Faith    .   (no shield)
rNeg    . . .      Spirit   .   b - +0 leather armour
rPois   .          Reflect  .   c - +0 hat
rElec   .          Harm     .   (no cloak)
rCorr   .          Rampage  .   (no gloves)
Will    .....                   (no boots)
Stlth   +.........              (no amulet)
HPRegen 0.13/turn               n - +6 ring of strength
MPRegen 0.08/turn               (no ring)

@: no status effects
A: horns 2, retaliatory headbutt
a: no special abilities


You were on level 3 of the Dungeon.
You visited 1 branch of the dungeon, and saw 3 of its levels.

You collected 94 gold pieces.

Inventory:

Hand Weapons
 a - a +0 flail
 m - the +11 short sword "Qumoq" (weapon) {elec, SInv}
   (You found it on level 2 of the Dungeon)

   It occasionally discharges a powerful burst of electricity upon striking a
   foe.
   SInv:      It lets you see invisible.
Missiles
 d - 3 throwing nets
 e - a poisoned dart (quivered)
 h - 43 stones
 i - 5 atropa-tipped darts
Armour
 b - a +0 leather armour (worn)
 c - a +0 hat (worn)
 f - a +0 ring mail
Jewellery
 n - a +6 ring of strength (left hand)
Scrolls
 l - a scroll of teleportation
Potions
 g - 2 potions of brilliance
 k - a potion of haste {unknown}
 o - a potion of might {unknown}


   Skills:
 + Level 3.8 Fighting
 * Level 1.7 Short Blades
 - Level 4.4 Maces & Flails
 - Level 2.0 Throwing
 + Level 4.3 Dodging


You had 3 spell levels left.
You didn't know any spells.
Your spell library contained the following spells:

 Spells                   Type           Power      Damage    Failure   Level
 Ensorcelled Hibernation  Hex/Ice        0%         N/A       67%         2
 Passwall                 Tmut/Erth      0%         N/A       67%         2
 Swiftness                Air            0%         N/A       88%         3


Dungeon Overview and Level Annotations

Branches:
Dungeon (3/15)

Altars:
Sif Muna

Annotations:
D:3 Grinder


Innate Abilities, Weirdness & Mutations

You have a pair of horns on your head.
You reflexively headbutt those who attack you in melee.


Message History

The poisoned dart barely misses the endoplasm.
A frilled lizard comes into view.
Grinder blinks!
You barely miss Grinder. Grinder hits you.
You writhe in agony.
You hit Grinder. You headbutt Grinder, but do no damage.
Grinder is lightly wounded.
Grinder hits you but does no damage. The endoplasm freezes you.
You are frozen.
You closely miss Grinder.
Grinder is lightly wounded.
Grinder hits you!
You writhe in agony.
The endoplasm hits you but does no damage.
You hit Grinder. Your headbutt misses Grinder.
Grinder is lightly wounded.
Grinder hits you. The endoplasm misses you.
You feel better. Grinder gestures at you. You resist with significant effort.
The endoplasm barely misses you.
You puncture Grinder!
Grinder is heavily wounded.
Grinder hits you.
You writhe in agony.
A rat comes into view.
The endoplasm freezes you.
You are frozen.
You closely miss Grinder.
Grinder is heavily wounded.
Grinder hits you but does no damage. The endoplasm freezes you.
You are frozen.
You completely miss Grinder.
Grinder is heavily wounded.
Grinder closely misses you.
The endoplasm hits you but does no damage.
You closely miss Grinder. You headbutt Grinder.
Grinder is heavily wounded.
The rat bites you. Grinder hits you!
* * * LOW HITPOINT WARNING * * *
You writhe in agony.
You die...

###...##.##.####
.#######..#.#...#
.......#..#.#.###
#.....#..#.#.#
###.....†..#
#...##.###.#########
#..#..##.###..).......
## ##r5.......########
#@...###..#
#.J##.......# ##l
#.####### (. ..# .##
..# ##


You could see Grinder, an endoplasm, a frilled lizard and a rat.

Vanquished Creatures
  A gnoll (D:1)
  4 adders
  A worm (D:3)
  2 dart slugs (D:1)
  6 bats
  5 endoplasms
  A giant cockroach (D:2)
  3 goblins
  7 hobgoblins
  8 jackals
  5 kobolds
  2 quokkas
  7 ball pythons
  A frilled lizard (D:2)
  5 rats
58 creatures vanquished.

Vanquished Creatures (others)
  A ball python (D:1)
  7 plants (D:2)
8 creatures vanquished.

Grand Total: 66 creatures vanquished

Notes
Turn   | Place    | Note
-------+----------+-------------------------------------------
     0 | D:1      | firemarshallily the Minotaur Gladiator began the quest for
                  | the Orb.
     0 | D:1      | Reached XP level 1. HP: 18/18 MP: 0/0
   212 | D:1      | Reached XP level 2. HP: 8/25 MP: 1/1
   746 | D:1      | Reached XP level 3. HP: 31/31 MP: 2/2
  1456 | D:2      | Found a faded altar of an unknown god.
  1503 | D:2      | Prayed at the altar of an unknown god.
  1503 | D:2      | Became a worshipper of Sif Muna the Loreminder
  1503 | D:2      | Reached * piety under Sif Muna
  1504 | D:2      | Fell from the grace of Sif Muna
  1783 | D:2      | Identified the +11 short sword "Qumoq" {elec, SInv}
  2099 | D:2      | Reached XP level 4. HP: 38/38 MP: 3/3
  2103 | D:2      | Reached skill level 1 in Short Blades
  2719 | D:3      | Noticed Grinder
  2721 | D:3      | Paralysed by Grinder for 2 turns
  2732 | D:3      | Slain by Grinder

Illustrated notes

Levels and vault maps discovered:
D:1:      dpeg_arrival_shrine, layout_basic, lemuel_flame_loot_1
D:2:      layout_basic, serial_bayou, serial_bayou_pond_e, serial_bayou_ford_a,
          serial_bayou_crossing, serial_bayou_pond_c,
          nicolae_ecumenical_oubliette, grunt_ministairs_13,
          chequers_mini_garden
D:3:      layout_loops_ring, regret_index_temple_of_mockery,
          minmay_pentomino_pile, uniq_grinder, uniq_crazy_yiuf_cottage

Skill      XL: |  1  2  3  4 |
---------------+-------------+-----
Fighting       | 3 |  3.8
Maces & Flails | 4 |  4.4
Dodging        | 4 |  4.3
Short Blades   | 1 |  1.7
Throwing       | |  2.0

Action                   |  1- 3 |  4- 6 || total
-------------------------+-------+-------++-------
Melee: Flail             |    67 |       ||    67
       Headbutt          |    16 |     8 ||    24
       Short sword       |     9 |    38 ||    47
Throw: Dart              |       |     1 ||     1
Invok: Renounce Religion |     1 |       ||     1
  Use: Scroll            |     4 |       ||     4
       Potion            |       |     1 ||     1
Armor: Leather armour    |    24 |     9 ||    33
Dodge: Dodged            |    54 |    13 ||    67
